 Dungeon Crawl Stone Soup version 0.17.1-3-g152610e (webtiles) character file.

92 Goblin1989 the Cudgeler (level 4, -2/23 HPs)
             Began as a Vine Stalker Berserker on Mar 28, 2016.
             Was a Believer of Trog.
             Killed by divine providence
             ... invoked by an orc priest
              (14 damage)
             ... on level 3 of the Dungeon.
             The game lasted 00:04:11 (1541 turns).

Goblin1989 the Cudgeler (Vine Stalker Berserker)    Turns: 1541, Time: 00:04:12

Health: -2/23      AC:  8    Str: 21    XL:     4   Next: 60%
Magic:  0/5        EV:  8    Int:  7    God:    Trog [**....]
Gold:   74         SH:  0    Dex: 13    Spells: 0 memorised, 3 levels left

rFire  . . .     SeeInvis .     g - +0 whip
rCold  . . .     Clarity  .     q - +0 chain mail
rNeg   . . .     SustAt   .     (no shield)
rPois  .         Gourm    .     (no helmet)
rElec  .         Spirit   +     (no cloak)
rCorr  .         Warding  .     (no gloves)
rMut   .         Stasis   .     (no boots)
MR     +++..                    (no amulet)
Stlth  ..........               (no ring)
                                r - ring of protection from magic

@: regenerating, extremely resistant to hostile enchantments, extremely
unstealthy
A: fangs 2, regeneration 1, magic shield, antimagic bite, no device heal 3, rot
immunity
a: Berserk, Trog's Hand, Burn Spellbooks, Renounce Religion


You were on level 3 of the Dungeon.
You worshipped Trog.
Trog was pleased with you.
You were not hungry.

You visited 1 branch of the dungeon, and saw 3 of its levels.

You collected 74 gold pieces.

Inventory:

Hand Weapons
 g - a +0 whip (weapon)
Armour
 q - a +0 chain mail (worn)
Jewellery
 r - a ring of protection from magic (left hand)
 s - a +3 ring of evasion {unknown}
Scrolls
 a - 2 scrolls of remove curse {unknown}
 l - 2 scrolls of identify {unknown}
 n - a scroll of magic mapping {unknown}
 o - a scroll of enchant weapon {unknown}
 p - a scroll of recharging {unknown}
Potions
 b - a potion of brilliance {unknown}
 e - 2 potions of invisibility {unknown}
 f - 3 potions of curing {unknown}
 h - a potion of magic {unknown}
 m - a potion of might {unknown}
Books
 k - a book of Callings

   Spells                             Type                      Level
   a - Summon Small Mammal            Summoning                    1
   b - Call Imp                       Summoning                    2
   c - Call Canine Familiar           Summoning                    3
   d - Summon Guardian Golem          Hexes/Summoning              3
   e - Summon Lightning Spire         Summoning/Air                4
   f - Summon Ice Beast               Ice/Summoning                4
   Trog disapproves of the use of such an item.
Comestibles
 c - 3 bread rations
 d - 6 fruits
 i - a meat ration
 j - a beef jerky


   Skills:
 - Level 2.6 Fighting
 * Level 4.7 Maces & Flails
 - Level 1.5 Armour
 - Level 1.5 Dodging


You had 3 spell levels left.
You didn't know any spells.

Dungeon Overview and Level Annotations

Branches:
Dungeon (3/15)

Altars:
Ashenzari
Fedhas
Makhleb


Innate Abilities, Weirdness & Mutations

You have extremely sharp teeth.
Your natural rate of healing is unusually fast.
When hurt, damage is shared between your health and your magic reserves.
Your bite disrupts and absorbs the magic of your enemies.
Potions and wands cannot restore your health.
You are immune to rotting.


Message History

You hit the orc but do no damage. You bite the orc, but do no damage.
Your skin stops crawling.
You feel less resistant to hostile enchantments.
The orc closely misses you.
You closely miss the orc. Your bite misses the orc.
You hit the orc but do no damage. You bite the orc, but do no damage.
The orc closely misses you.
You hit the orc but do no damage.
The orc priest calls down the wrath of Beogh upon you.
Something smites you!
* * * LOW HITPOINT WARNING * * *
The orc hits you but does no damage.
Your skin crawls.
You feel resistant to hostile enchantments.
You feel slightly more hungry. The orc hits you but does no damage.
You hit the orc but do no damage. You bite the orc, but do no damage.
The orc priest invokes the aid of Beogh against you.
Something smites you!
Ouch! That really hurt!
You die...

#)### ##...##
##....## #......#
#......# ######
##.....## #....#
#....#..########....#
.............o.o....#
..#####..#######@...#
..## ##<.# #....#
#..## ##.# ######
#...# #.# #.#.###
#.### #.#...###...#
#.###..####†# #.#
##.####.### #.#
#........#


You could see an orc priest and an orc.

Vanquished Creatures
  An orc wizard (D:3)
  2 adders (D:3)
  A worm (D:3)
  An orc (D:3)
  4 goblins
  4 hobgoblins
  A quokka (D:2)
  6 bats
  6 giant cockroaches
  2 giant geckos (D:1)
  3 giant newts
  4 kobolds
  8 rats
43 creatures vanquished.

Notes
Turn   | Place    | Note
--------------------------------------------------------------
     0 | D:1      | Goblin1989 the Vine Stalker Berserker began the quest for the Orb.
     0 | D:1      | Reached XP level 1. HP: 11/11 MP: 2/2
    42 | D:1      | Reached skill level 3 in Maces & Flails
   194 | D:1      | Reached XP level 2. HP: 16/16 MP: 3/3
   841 | D:2      | Reached XP level 3. HP: 17/19 MP: 4/4
   852 | D:2      | Reached ** piety under Trog
   906 | D:2      | Found a blossoming altar of Fedhas.
  1024 | D:2      | Found a shattered altar of Ashenzari.
  1255 | D:3      | Reached skill level 4 in Maces & Flails
  1361 | D:3      | Found a burning altar of Makhleb.
  1486 | D:3      | Reached XP level 4. HP: 21/23 MP: 5/5
  1541 | D:3      | Killed from afar by an orc priest

Action                   |  1- 3 |  4- 6 || total
-------------------------+-------+-------++-------
Melee: Mace              |    10 |       ||    10
       Whip              |   124 |    24 ||   148
Invok: Trog's Hand       |       |     2 ||     2
  Eat: Chunk             |     2 |       ||     2
